 Dungeon Crawl Stone Soup version 0.29-a0-664-gff9cad4a3d (webtiles) character file.

Game seed: 14746289027250593858

56 DocClef the Skirmisher (level 4, -1/38 HPs)
             Began as a Human Fighter on June 22, 2022.
             Slain by a goblin
             ... wielding a +0 dagger
             ... led by Robin
              (3 damage)
             ... on level 2 of the Dungeon.
             The game lasted 00:01:47 (1373 turns).

DocClef the Skirmisher (Human Fighter)              Turns: 1373, Time: 00:01:48

Health: -1/38      AC:  6    Str: 18    XL:     4   Next: 17%
Magic:  4/4        EV:  9    Int:  9    God:
Gold:   87         SH:  4    Dex: 12    Spells: 3/3 levels left

rFire   . . .      SeeInvis .   a - +0 war axe
rCold   . . .      Faith    .   c - +0 buckler
rNeg    . . .      Spirit   .   b - +0 scale mail
rPois   .          Reflect  .   (no helmet)
rElec   .          Harm     .   (no cloak)
rCorr   .          Rampage  .   (no gloves)
Will    .....                   (no boots)
Stlth   ..........              (no amulet)
HPRegen 0.12/turn               (no ring)
MPRegen 0.09/turn               (no ring)

@: no status effects
A: no striking features
a: no special abilities


You were on level 2 of the Dungeon.
You visited 1 branch of the dungeon, and saw 2 of its levels.

You collected 87 gold pieces.

Inventory:

Hand Weapons
 a - a +0 war axe (weapon)
Armour
 b - a +0 scale mail (worn)
 c - a +0 buckler (worn)
Scrolls
 f - 4 scrolls of identify {unknown}
 g - a scroll of immolation {unknown}
 h - 2 scrolls of noise {unknown}
 i - a scroll of silence {unknown}
 j - a scroll of enchant weapon {unknown}
 k - a scroll of fog {unknown}
Potions
 d - 2 potions of might
 e - a potion of berserk rage {unknown}
 l - a potion of flight {unknown}
 m - a potion of degeneration {unknown}
 n - 2 potions of heal wounds {unknown}


   Skills:
 + Level 4.7 Fighting
 - Level 2.0 Axes
 - Level 3.0 Armour
 - Level 3.0 Shields


You had 3 spell levels left.
You didn't know any spells.
Your spell library contained the following spells:

 Spells                   Type           Power      Damage    Failure   Level
 Ensorcelled Hibernation  Hex/Ice        0%         N/A       94%         2
 Passwall                 Tmut/Erth      0%         N/A       94%         2
 Swiftness                Air            0%         N/A       99%         3


Dungeon Overview and Level Annotations

Branches:
Dungeon (2/15)

Altars:

Shops:
D:1 *   D:2 =


Message History

The hobgoblin hits you.
* * * LOW HITPOINT WARNING * * *
The goblin hits you but does no damage.
You have reached level 4!
You feel clever.
You closely miss the goblin. You hit the hobgoblin.
You hit the hobgoblin but do no damage. You block the hobgoblin's attack.
The goblin hits you with a +0 dagger.
* * * LOW HITPOINT WARNING * * *
The hobgoblin barely misses you.
Unknown command.
You completely miss the hobgoblin.
The hobgoblin is moderately wounded.
You hit the goblin but do no damage. You hit the hobgoblin but do no damage.
You block the hobgoblin's attack.
The hobgoblin hits you but does no damage.
The goblin closely misses you. The hobgoblin closely misses you.
The hobgoblin hits you.
* * * LOW HITPOINT WARNING * * *
The goblin closely misses you.
You hit the hobgoblin.
The hobgoblin is severely wounded.
You barely miss the goblin. You hit the hobgoblin but do no damage.
The goblin no longer looks unusually strong.
You block the hobgoblin's attack. x2; You block the goblin's attack.
Unknown command.
You hit the hobgoblin.
You kill the hobgoblin!
You miss the goblin. You hit the hobgoblin.
You kill the hobgoblin!
The goblin hits you with a +0 dagger.
* * * LOW HITPOINT WARNING * * *
The goblin barely misses you.
You closely miss the goblin. You hit the goblin.
You kill the goblin!
The goblin hits you with a +0 dagger.
* * * LOW HITPOINT WARNING * * *
Unknown command.
You barely miss the goblin. The goblin hits you with a +0 dagger.
You die...

..........†#.........###..
...........'....(......#.#
..?...######.............#
..........................
#g...........##.##........
#..(...##.#####.##.#.##...
.g..... #.# #.##.#####..
#..##...#)# #...........
........)@# #..#.#...#.# .
......#g# #....#...#..
###...#.#####.#..#...#.#
##..##.#.....#..#...#.#
.............##.#...#'#
####.##.......##........
............###..<.....
###.##..#+#........#...
#.............÷#...


You could see a goblin.

Vanquished Creatures
  Robin (D:2)
  A dart slug (D:1)
  5 bats
  4 endoplasms
  A giant cockroach (D:1)
  5 hobgoblins
  3 quokkas
  6 ball pythons
  9 goblins (D:2)
  2 kobolds (D:2)
  5 rats
42 creatures vanquished.

Notes
Turn   | Place    | Note
-------+----------+-------------------------------------------
     0 | D:1      | DocClef the Human Fighter began the quest for the Orb.
     0 | D:1      | Reached XP level 1. HP: 18/18 MP: 1/1
   297 | D:1      | Reached XP level 2. HP: 24/24 MP: 2/2
   302 | D:1      | Found Ubbaplo's Assorted Antiques.
   953 | D:2      | Found Ukies's Jewellery Shop.
   998 | D:2      | Reached skill level 4 in Fighting
   998 | D:2      | Reached XP level 3. HP: 30/30 MP: 3/3
  1347 | D:2      | Noticed Robin
  1367 | D:2      | Killed Robin
  1368 | D:2      | Reached XP level 4. HP: 11/38 MP: 4/4
  1373 | D:2      | Slain by a goblin

Illustrated notes

Levels and vault maps discovered:
D:1:      minmay_arrival_loop, layout_basic, serial_shops, shop
D:2:      layout_basic, hellmonk_ecumenical_altar_inner_sanctum, serial_shops,
          nicolae_shop_waterfront, uniq_robin

Skill      XL: |  1  2 |
---------------+-------+-----
Fighting       | 4 |  4.7
Axes           | |  2.0
Armour         | |  3.0
Shields        | |  3.0

Action                   |  1- 3 |  4- 6 || total
-------------------------+-------+-------++-------
Melee: War axe           |    96 |     6 ||   102
Armor: Scale mail        |    57 |     1 ||    58
Dodge: Dodged            |    53 |     5 ||    58
Block: Buckler           |    24 |     5 ||    29

Table legend: (Time is in decaauts)
 A = Elapsed time spent in this place.
 B = Non-inter-level travel time spent in this place.
 C = Inter-level travel time spent in this place.
 D = Time resting spent in this place.
 E = Time spent auto-exploring this place.
 F = Levels seen in this place.
 G = Mean time per level.
                   A        B        C        D        E       F      G
               +--------+--------+--------+--------+--------+-----+--------+
         Total |   1417 |   1317 |    100 |      0 |   1050 |   2 |  708.5 |
       Dungeon |   1417 |   1317 |    100 |      0 |   1050 |   2 |  708.5 |
               +--------+--------+--------+--------+--------+-----+--------+

Top non-repeatable levels by time:
     D:1: 801 daAuts
     D:2: 616 daAuts
